 Dungeon Crawl Stone Soup version 0.16-a0-3749-g20dbed2 (webtiles) character file.

19902 Herrn the Cleaver (level 12, 0/79 HPs)
             Began as a Gargoyle Wizard on Jan 23, 2015.
             Was the Champion of Cheibriados.
             Killed from afar by a gargoyle (26 damage)
             ... with a stone arrow
             ... on level 14 of the Dungeon.
             The game lasted 01:19:27 (19716 turns).

Herrn the Cleaver (Gargoyle Wizard)                Turns: 19716, Time: 01:19:27

Health: 0/79       AC: 26    Str: 26    XL:     12   Next: 73%
Magic:  20/20      EV: 20    Int: 39    God:    Cheibriados [******]
Gold:   734        SH:  0    Dex: 25    Spells: 4 memorised, 4 levels left

rFire  + + .     SeeInvis +     e - +7 war axe of Truth {freeze, +Rage rElec}
rCold  . . .     Clarity  .     y - +3 ring mail of Intuition {Dex+2}
rNeg   + . .     SustAb   .     (no shield)
rPois  ∞         Gourm    +     C - +1 helmet {SInv}
rElec  +         Spirit   .     W - +1 cloak
rCorr  .         Warding  .     r - +0 pair of gloves
rMut   .         Stasis   .     w - +1 pair of boots
MR     .....                    i - amulet of the gourmand
Stlth  ++........               U - ring of protection from fire
                                s - ring of protection from fire

@: very slow, not resistant to hostile enchantments, unstealthy
A: negative energy resistance 1, electricity resistance, unbreathing,
petrification resistance, rot immunity, AC +8
a: Bend Time, Temporal Distortion, Slouch, Step From Time, Renounce Religion,
Evoke Berserk Rage


You were on level 14 of the Dungeon.
You worshipped Cheibriados.
Cheibriados was exalted by your worship.
You were very full.

You visited 2 branches of the dungeon, and saw 15 of its levels.
You also visited: Sewer.

You collected 896 gold pieces.
You spent 162 gold pieces at shops.

Inventory:

Hand weapons
 e - the +7 war axe of Truth (weapon) {freeze, +Rage rElec}
   (You found it on level 7 of the Dungeon)

   It has been specially enchanted to freeze those struck by it, causing extra
   injury to most foes and up to half again as much damage against particularly
   susceptible opponents.
   It can also slow down cold-blooded creatures.
   It insulates you from electricity.
   It lets you go berserk.
 I - a cursed +3 spear
 M - a +2 hand axe of flaming
 Q - a cursed +3 battleaxe
Armour
 f - a troll hide
 r - a +0 pair of gloves (worn)
 w - a +1 pair of boots (worn)
 y - the +3 ring mail of Intuition (worn) {Dex+2}
   (You took it off a big kobold on level 8 of the Dungeon)

   It affects your dexterity (+2).
 C - a +1 helmet of see invisible (worn)
 W - a +1 cloak (worn)
Jewellery
 i - an amulet of the gourmand (around neck)
 s - a ring of protection from fire (left hand)
 E - an uncursed ring of ice
 G - an uncursed amulet of resist corrosion
 H - an uncursed ring of teleport control {unknown}
 U - a ring of protection from fire (right hand)
Magical devices
 v - a wand of cold (6)
 J - a wand of digging (14)
 O - a wand of fireball (5)
 V - a wand of lightning (6)
 X - a wand of fireball (2)
Scrolls
 a - 2 scrolls of silence
 g - 6 scrolls of remove curse
 h - 3 scrolls of fear
 n - 4 scrolls of teleportation
 q - 3 scrolls of blinking
 A - 4 scrolls of enchant armour
 F - 2 scrolls of magic mapping
 K - a scroll of enchant weapon
 Y - 2 scrolls of amnesia {unknown}
Potions
 j - 2 potions of restore abilities
 k - a potion of beneficial mutation
 l - a potion of ambrosia
 o - a potion of heal wounds
 p - 18 potions of curing
 t - 3 potions of resistance
 z - 2 potions of might
 B - 2 potions of flight
 D - a potion of decay {unknown}
 L - 2 potions of invisibility
 N - a potion of mutation
 S - 3 potions of cancellation
 T - a potion of brilliance {unknown}
Books
 b - a book of Death

   Spells                             Type                      Level
   a - Corpse Rot                     Necromancy                   2
   b - Sublimation of Blood           Necromancy                   2
   c - Agony                          Necromancy                   5
   d - Dispel Undead                  Necromancy                   5
   e - Excruciating Wounds            Charms/Necromancy            5
   f - Bolt of Draining               Conjuration/Necromancy       5
 c - a book of Minor Magic

   Spells                             Type                      Level
   a - Magic Dart                     Conjuration                  1
   b - Blink                          Translocation                2
   c - Call Imp                       Summoning                    2
   d - Repel Missiles                 Charms/Air                   2
   e - Slow                           Hexes                        2
   f - Conjure Flame                  Conjuration/Fire             3
   g - Mephitic Cloud                 Conjuration/Poison/Air       3
 Z - a book of Ice

   Spells                             Type                      Level
   a - Ice Form                       Ice/Transmutation            4
   b - Metabolic Englaciation         Hexes/Ice                    5
   c - Ozocubu's Refrigeration        Ice                          6
   d - Bolt of Cold                   Conjuration/Ice              6
   e - Freezing Cloud                 Conjuration/Ice/Air          6
   f - Simulacrum                     Ice/Necromancy               6
Comestibles
 d - 12 bread rations
 m - 19 fruits
 u - 6 meat rations
 x - 2 royal jellies
 P - 11 slices of pizza
 R - 3 beef jerkies


   Skills:
 * Level 10.8 Fighting
 * Level 11.1 Axes
 - Level 6.0 Armour
 + Level 8.7 Dodging
 - Level 2.1 Stealth
 - Level 3.0 Spellcasting
 + Level 6.3 Conjurations
 - Level 2.0 Charms
   Level 0.8 Summonings
 + Level 0.8 Translocations
 + Level 3.2 Ice Magic


You had 4 spell levels left.
You knew the following spells:

 Your Spells              Type           Power        Failure   Level  Hunger
a - Magic Dart            Conj           ####         1%          1    None
b - Repel Missiles        Chrm/Air       ##....       8%          2    None
c - Bolt of Cold          Conj/Ice       #####.....   94%         6    #######
d - Control Teleport      Chrm/Tloc      ###.......   34%         4    ####...


Dungeon Overview and Level Annotations

Branches:
Dungeon (14/15)            Temple (1/1) D:4            Lair (0/8) D:8
    Orc (0/4) D:10
 Vaults: D:13-14

Altars:
Ashenzari
Cheibriados
Dithmenos
Elyvilon
Fedhas
Gozag
Kikubaaqudgha
Makhleb
Nemelex Xobeh
Okawaru
Qazlal
Ru
Sif Muna
Trog
Vehumet
Xom
Yredelemnul
Zin
The Shining One

Shops:
D:4 *   D:9 !(:!:

Annotations:
D:12 Nessos


Innate Abilities, Weirdness & Mutations

You are resistant to torment.
You are immune to poison.
Your stone body is very resilient (AC +8).
You resist negative energy.
You are resistant to electric shocks.
You can survive without breathing.
You are immune to petrification.
You are immune to rotting.


Message History

The gargoyle hurls a stone arrow at you.
The stone arrow misses you.
You hit the gargoyle but do no damage.
The gargoyle is severely damaged.
The gargoyle completely misses you.
You hit the gargoyle but do no damage.
The gargoyle is severely damaged.
You slash the gargoyle! You freeze the gargoyle.
You destroy the gargoyle!
Cheibriados thoroughly appreciates the change of pace.
You open the gate.
A gargoyle comes into view. It is wielding a mace.
The gargoyle hurls a stone arrow at you.
The stone arrow hits you! 2 ogre magi come into view.
The ogre mage shouts!
The ogre mage moves out of view.
The gargoyle hurls a stone arrow at you.
The stone arrow hits you!
You die...

≈≈# #.≈≈≈# #.≈≈≈≈..
#.≈≈≈≈. #.≈≈≈≈#
#.≈≈≈≈# .
#..≈(≈#####..p
##....)'.......#
#.....(@9..#
#(..((('.......#
#(..≈≈≈#####O..
#..≈≈≈≈# .
##########(.≈≈≈≈##
........((..≈≈≈≈...
............≈≈≈≈....
.#######(#(#.≈≈≈#..
.##...##.#.##.≈≈###


You could see a vault guard (wandering), an ogre mage and a gargoyle.

Vanquished Creatures
  Fannar (D:12)
  A hydra (D:12)
  Erica (D:14)
  A centaur warrior (D:13)
  The ghost of Charly the Destroyer, an experienced OpVM of Vehumet (D:8)
  Erolcha (D:11)
  6 hill giants
  Pikel (D:7)
  Joseph (D:7)
  A gargoyle (D:14)
  An efreet (D:13)
  A komodo dragon (D:11)
  A troll (D:10)
  2 two-headed ogres
  Grinder (D:5)
  2 deep elf magi
  4 wyverns
  2 vampire mosquitoes (D:13)
  4 yaks (D:13)
  3 hippogriffs
  A hungry ghost (D:13)
  A phantom (D:5)
  Purgy (Sewer)
  3 sky beasts
  9 ogres
  5 orc warriors
  5 ice beasts
  A necrophage (D:9)
  A slave (D:7)
  2 eyes of draining (D:13)
  12 centaurs
  13 giant frogs
  17 big kobolds
  Blork the orc (D:5)
  A scorpion (D:11)
  12 wights
  3 goliath beetles
  A wasp zombie (D:9)
  18 killer bees
  8 crimson imps
  A quasit (D:8)
  8 hounds
  8 jellies
  Crazy Yiuf (D:5)
  12 orc priests
  A centaur skeleton (D:4)
  3 giant frog skeletons
  12 orc wizards
  An iguana (D:6)
  14 worker ants
  Ijyb (D:5)
  3 mummies
  3 hound zombies
  4 worker ant zombies
  15 adders
  4 gnolls (D:4)
  2 giant mites (D:4)
  6 shadow imps
  4 worms
  An adder zombie (D:8)
  An adder skeleton (D:8)
  4 giant geckos
  2 oozes
  62 orcs
  24 bats
  A bat skeleton (D:6)
  7 giant cockroaches
  18 goblins
  17 hobgoblins
  6 quokkas
  A giant gecko skeleton (D:5)
  5 giant newts
  3 giant spores
  18 jackals
  A jackal zombie (D:5)
  33 kobolds
  A quokka skeleton (D:9)
  12 rats
  12 ballistomycetes
  2 fungi (D:8)
  3 plants (D:8)
488 creatures vanquished.

Vanquished Creatures (others)
  A centaur (D:11)
  A worker ant zombie (D:7)
  A bat (D:7)
  3 giant spores
  7 fungi (D:8)
13 creatures vanquished.

Grand Total: 501 creatures vanquished

Notes
Turn   | Place    | Note
--------------------------------------------------------------
     0 | D:1      | Herrn, the Gargoyle Wizard, began the quest for the Orb.
     0 | D:1      | Reached XP level 1. HP: 10/10 MP: 4/4
   180 | D:1      | Reached skill level 1 in Fighting
   381 | D:1      | Reached XP level 2. HP: 16/16 MP: 0/6
   958 | D:1      | Reached XP level 3. HP: 21/21 MP: 0/7
  2119 | D:2      | Reached XP level 4. HP: 26/26 MP: 1/9
  3625 | D:3      | Reached XP level 5. HP: 30/30 MP: 2/11
  3965 | D:3      | Reached skill level 1 in Axes
  4946 | D:4      | Reached XP level 6. HP: 36/36 MP: 0/12
  5212 | D:4      | Reached skill level 4 in Conjurations
  5634 | D:4      | Found Boexaeb's Assorted Antiques.
  5640 | D:4      | Bought a bubbling green potion for 18 gold pieces
  5640 | D:4      | Bought an amethyst potion for 18 gold pieces
  5640 | D:4      | Bought a scroll labeled ZIBRESSA GARI for 21 gold pieces
  5640 | D:4      | Bought a wooden wand for 84 gold pieces
  5640 | D:4      | Bought a scroll labeled HOOPTI FUYMOQOS for 21 gold pieces
  5672 | D:4      | Paralysed by an orc priest for 4 turns
  5681 | D:4      | Paralysed by an orc priest for 5 turns
  5691 | D:4      | Paralysed by an orc priest for 3 turns
  5920 | D:4      | Reached XP level 7. HP: 33/41 MP: 4/14
  6059 | D:4      | Reached skill level 5 in Conjurations
  6117 | D:4      | Found a staircase to the Ecumenical Temple.
  6149 | Temple   | Entered the Ecumenical Temple
  6205 | Temple   | Became a worshipper of Cheibriados the Contemplative
  7668 | D:5      | Entered Level 5 of the Dungeon
  7744 | D:5      | Found a glowing drain.
  7752 | Sewer    | Entered a sewer
  7868 | Sewer    | Noticed Purgy
  7884 | Sewer    | Killed Purgy
  8190 | D:5      | Noticed Grinder
  8328 | D:5      | Noticed Ijyb
  8336 | D:5      | Killed Ijyb
  8337 | D:5      | Noticed Blork the orc
  8532 | D:5      | Killed Blork the orc
  8642 | D:5      | Reached XP level 8. HP: 43/48 MP: 0/16
  8814 | D:5      | Reached skill level 5 in Dodging
  9026 | D:5      | Learned a level 2 spell: Repel Missiles
  9452 | D:5      | Killed Grinder
  9452 | D:5      | Reached skill level 5 in Fighting
  9452 | D:5      | Reached skill level 1 in Armour
  9452 | D:5      | Reached skill level 1 in Charms
 10383 | D:6      | Found a radiant altar of Vehumet.
 10884 | D:6      | Reached XP level 9. HP: 54/54 MP: 11/17
 11144 | D:6      | Acquired Cheibriados' first power
 11344 | D:6      | Reached skill level 6 in Dodging
 11547 | D:5      | Noticed Crazy Yiuf
 11555 | D:5      | Killed Crazy Yiuf
 11630 | D:7      | Found a basalt altar of Yredelemnul.
 11631 | D:7      | Noticed a profane servitor
 11646 | D:7      | Found a glowing golden altar of the Shining One.
 11647 | D:7      | Noticed an angel
 11835 | D:7      | Noticed Pikel
 11859 | D:7      | Killed Pikel
 11873 | D:7      | Got a fine war axe
 11874 | D:7      | Identified the +7 war axe of Truth {freeze, +Rage rElec} (You found it on level 7 of the Dungeon)
 12007 | D:7      | Acquired Cheibriados' second power
 12020 | D:7      | Reached skill level 5 in Axes
 12051 | D:7      | Noticed Joseph
 12064 | D:7      | Killed Joseph
 12064 | D:7      | Reached skill level 5 in Armour
 12374 | D:8      | Noticed Charly's ghost (experienced OpVM)
 12546 | D:8      | Reached XP level 10. HP: 61/61 MP: 16/18
 12801 | D:8      | Got a jewelled ring mail
 12816 | D:8      | Identified the +3 ring mail of Intuition {Dex+2} (You took it off a big kobold on level 8 of the Dungeon)
 12856 | D:8      | Acquired Cheibriados' third power
 13039 | D:8      | Reached skill level 7 in Fighting
 13211 | D:8      | Found a staircase to the Lair.
 13371 | D:8      | Killed Charly's ghost
 13654 | D:8      | Reached skill level 8 in Fighting
 14086 | D:9      | Found Phirant's Distillery.
 14092 | D:9      | Reached XP level 11. HP: 68/68 MP: 20/20
 14127 | D:9      | Found Giapemoe's Book Emporium.
 14186 | D:9      | Found Maf Anor's Distillery.
 14251 | D:9      | Learned a level 6 spell: Bolt of Cold
 14261 | D:9      | Found a bloodstained altar of Trog.
 14448 | D:9      | Found Qebbagamn's Book Boutique.
 14587 | D:9      | Found Erixis' Antique Weapon Shop.
 14889 | D:10     | Entered Level 10 of the Dungeon
 15640 | D:10     | Noticed a hill giant
 15655 | D:10     | Killed a hill giant
 15655 | D:10     | Reached skill level 1 in Ice Magic
 15754 | D:10     | Found a staircase to the Orcish Mines.
 16033 | D:10     | Reached skill level 9 in Fighting
 16610 | D:11     | Noticed Erolcha
 16619 | D:11     | Killed Erolcha
 17735 | D:11     | Noticed a hill giant
 17742 | D:11     | Killed a hill giant
 18095 | D:12     | Noticed a six-headed hydra
 18104 | D:12     | Killed a one-headed hydra
 18104 | D:12     | Reached XP level 12. HP: 77/77 MP: 20/20
 18149 | D:12     | Noticed Fannar
 18168 | D:12     | Killed Fannar
 18168 | D:12     | Reached skill level 10 in Fighting
 18301 | D:12     | Noticed Nessos
 18538 | D:13     | Reached skill level 10 in Axes
 18565 | D:13     | Learned a level 4 spell: Control Teleport
 18578 | D:13     | Noticed a centaur warrior
 18592 | D:13     | Killed a centaur warrior
 19601 | D:14     | Noticed Erica
 19610 | D:14     | Killed Erica
 19610 | D:14     | Reached skill level 11 in Axes
 19683 | D:14     | Noticed a vault guard
 19699 | D:14     | Noticed a vault guard
 19716 | D:14     | Noticed an ogre mage
 19716 | D:14     | Noticed an ogre mage
 19716 | D:14     | Killed from afar by a gargoyle

Action                   |  1- 3 |  4- 6 |  7- 9 | 10-12 || total
-------------------------+-------+-------+-------+-------++-------
Melee: Unarmed           |    20 |       |       |       ||    20
       Short sword       |    32 |       |       |       ||    32
       Hand axe          |       |    56 |     2 |     8 ||    66
       War axe           |       |       |    63 |   642 ||   705
       Battleaxe         |       |       |    75 |       ||    75
 Cast: Magic Dart        |   111 |   218 |   415 |   179 ||   923
       Repel Missiles    |       |       |     2 |     3 ||     5
Evoke: Wand              |       |       |     1 |     2 ||     3
  Use: Scroll            |       |     6 |    12 |     7 ||    25
       Potion            |       |       |     3 |       ||     3
 Stab: Sleeping          |       |       |     1 |     2 ||     3
       Confused          |       |       |       |     2 ||     2
  Eat: Chunk             |    19 |    12 |    16 |    19 ||    66
